 Dungeon Crawl Stone Soup version 0.21-a0-404-g291f19a (webtiles) character file.

2 frosgods the Caller (level 1, -2/10 HPs)
             Began as a Tengu Summoner on Oct 27, 2017.
             Slain by a goblin
             ... wielding a +0 dagger
              (4 damage)
             ... on level 1 of the Dungeon.
             The game lasted 00:01:57 (48 turns).

frosgods the Caller (Tengu Summoner)                  Turns: 48, Time: 00:01:57

Health: -2/10      AC:  2    Str:  8    XL:     1   Next: 30%
Magic:  3/4        EV: 12    Int: 15    God:
Gold:   0          SH:  0    Dex: 14    Spells: 3/4 levels left

rFire    . . .     SeeInvis .   e - +0 club
rCold    . . .     Gourm    .   (no shield)
rNeg     . . .     Faith    .   a - +0 robe
rPois    .         Spirit   .   (helmet restricted)
rElec    .         Reflect  .   (no cloak)
rCorr    .         Harm     .   (no gloves)
MR       .....                  (boots unavailable)
Stlth    ++........             (no amulet)
HPRegen  0.03/turn              (no ring)
MPRegen  0.09/turn              (no ring)

@: very slightly contaminated
A: beak, talons 3
a: no special abilities


You were on level 1 of the Dungeon.
You were not hungry.

You visited 1 branch of the dungeon, and saw 1 of its levels.

Inventory:

Hand Weapons
 e - a +0 club (weapon)
Armour
 a - a +0 robe (worn)
Scrolls
 d - a scroll of teleportation {unknown}
Books
 b - a book of Callings

   Spells                             Type                      Level
   a - Summon Small Mammal            Summoning                    1
   b - Call Imp                       Summoning                    2
   c - Call Canine Familiar           Summoning                    3
   d - Summon Guardian Golem          Hexes/Summoning              3
   e - Summon Lightning Spire         Summoning/Air                4
   f - Summon Ice Beast               Ice/Summoning                4
Comestibles
 c - a bread ration


   Skills:
 + Level 0.0 Fighting
 * Level 0.0 Maces & Flails
 + Level 2.1 Dodging
 - Level 2.0 Stealth
 - Level 2.0 Spellcasting
 - Level 5.0 Summonings


You had 3 spell levels left.
You knew the following spells:

 Your Spells              Type           Power        Failure   Level  Hunger
a - Summon Small Mammal   Summ           ###.         2%          1    #......


Dungeon Overview and Level Annotations

Branches:
Dungeon (1/15)

Altars:


Innate Abilities, Weirdness & Mutations

You have a beak for a mouth.
You have claws for feet.


Message History

The hobgoblin hits your rat with a club.
Your rat dies!
Your rat's corpse disappears in a puff of smoke!
The hobgoblin shouts!
You hit the hobgoblin. You peck the hobgoblin.
You kill the hobgoblin!
Your Summonings skill increases to level 5!
You see here a club.
e - a club Wield which item (- for none, * to show all)? (? for menu, Esc to quit)
e - a +0 club (weapon)
The goblin completely misses you.
You closely miss the goblin. The goblin hits you with a dagger.
You completely miss the goblin. The goblin hits you with a dagger.
* * * LOW HITPOINT WARNING * * *
The goblin hits you but does no damage.
You hit the goblin. Your peck misses the goblin.
The goblin is moderately wounded.
The goblin hits you with a dagger.
You die...

##.......## #....
....###....<....###.....
.....#...........#......
......#####.#####.......
.......###...###.......#
#.......#.....#.......##
#.......#####.......##
#[......###.......##
#..g@!..#.......##
####.............###
...................#
#####..#.##..##.####
...........##(#
###.#.##....##.#
............#.#
###.#..........#
#.#.....>.....


You could see a goblin.

Vanquished Creatures
  A hobgoblin (D:1)
  A bat (D:1)
2 creatures vanquished.

Notes
Turn   | Place    | Note
-------+----------+-------------------------------------------
     0 | D:1      | frosgods the Tengu Summoner began the quest for the Orb.
     0 | D:1      | Reached XP level 1. HP: 10/10 MP: 4/4
    42 | D:1      | Reached skill level 5 in Summonings
    48 | D:1      | Slain by a goblin

Vault maps used:
D:1:      onia_arrival_pyramid

Skill      XL: |  1 |
---------------+----+-----
Summonings     | 5 |  5.0
Dodging        | |  2.1
Stealth        | |  2.0
Spellcasting   | |  2.0

Action                   || total
-------------------------++-------
Melee: Unarmed           ||     4
       Club              ||     3
       Kick              ||     1
       Peck              ||     1
 Cast: Summon Small Mamm ||     1
Armor: Robe              ||     2
Dodge: Dodged            ||     3

Table legend:
 A = Spawn XP
 B = Non-spawn XP
 C = Spawn XP percentage of total XP
 D = Spawn monster count
 E = Non-spawn monster count
 F = Spawn count percentage of total count
 G = Total turns spent on level
                    A         B        C        D         E        F      G
               +---------+---------+-------+---------+---------+-------+---------
         Total |       0 |       3 |   0.0 |       0 |       2 |   0.0 |    48
               +---------+---------+-------+---------+---------+-------+---------
           D:1 |       0 |       3 |   0.0 |       0 |       2 |   0.0 |    48
               +---------+---------+-------+---------+---------+-------+---------
